 Dungeon Crawl Stone Soup version 0.29.1-1-gd02db6906a (webtiles) character file.

Game seed: 17539843274097559567

279 safid the Shooter (level 6, 0/51 HPs)
             Began as a Minotaur Hunter on Oct 21, 2022.
             Slain by a gnoll
             ... wielding a +0 flail of protection
              (4 damage)
             ... on level 3 of the Dungeon.
             The game lasted 00:04:52 (3469 turns).

safid the Shooter (Minotaur Hunter)                 Turns: 3469, Time: 00:04:53

Health: 0/51       AC:  7    Str: 16    XL:     6   Next: 5%
Magic:  5/5        EV: 10    Int:  6    God:
Gold:   131        SH:  0    Dex: 15    Spells: 5/5 levels left

rFire   . . .      SeeInvis .   a - +0 shortbow
rCold   . . .      Faith    .   (shield currently unavailable)
rNeg    + . .      Spirit   .   d - +0 scale mail
rPois   .          Reflect  .   (helmet restricted)
rElec   .          Harm     .   g - +0 cloak
rCorr   .          Rampage  .   (no gloves)
Will    .....                   (no boots)
Stlth   ..........              (no amulet)
HPRegen 0.17/turn               h - ring of positive energy
MPRegen 0.09/turn               (no ring)

@: no status effects
A: horns 2, retaliatory headbutt
a: no special abilities


You were on level 3 of the Dungeon.
You visited 1 branch of the dungeon, and saw 3 of its levels.

You collected 131 gold pieces.

Inventory:

Hand Weapons
 a - a +0 shortbow (weapon)
Armour
 d - a +0 scale mail (worn)
 g - a +0 cloak (worn)
Jewellery
 h - a ring of positive energy (left hand)
Wands
 v - a wand of roots (6)
Scrolls
 b - 2 scrolls of poison {unknown}
 c - 3 scrolls of teleportation {unknown}
 e - a scroll of blinking {unknown}
 j - a scroll of acquirement {unknown}
 l - a scroll of butterflies {unknown}
 o - a scroll of enchant weapon {unknown}
 r - a scroll of enchant armour {unknown}
 s - 2 scrolls of identify {unknown}
 u - a scroll of brand weapon {unknown}
Potions
 f - a potion of berserk rage {unknown}
 i - 3 potions of invisibility {unknown}
 k - a potion of haste {unknown}
 m - a potion of lignification {unknown}
 n - a potion of attraction {unknown}
 p - a potion of might {unknown}
 q - a potion of brilliance {unknown}
 t - a potion of degeneration {unknown}


   Skills:
 - Level 3.0 Fighting
 + Level 7.9 Ranged Weapons
 - Level 2.1 Dodging
 - Level 0.7 Stealth


You had 5 spell levels left.
You didn't know any spells.
Your spell library contained the following spells:

 Spells                   Type           Power      Damage    Failure   Level
 Sting                    Tmut/Pois      0%         1d3       88%         1
 Poisonous Vapours        Pois/Air       0%         N/A       96%         2
 Olgreb's Toxic Radiance  Pois           0%         N/A       100%        4


Dungeon Overview and Level Annotations

Branches:
Dungeon (3/15)

Altars:
Gozag


Innate Abilities, Weirdness & Mutations

You have a pair of horns on your head.
You reflexively headbutt those who attack you in melee.


Message History

No target in view!
As you open the door, it creaks loudly!
There is an open door here.
A gnoll comes into view. It is wielding a +0 spear.
The gnoll shouts!
You hear a shout! x2
A gnoll comes into view.
It is wielding a +0 flail of protection.
The gnoll hits you from afar with a +0 spear.
You shoot an arrow. The arrow hits the gnoll!
The gnoll is severely wounded.
A gnoll comes into view. It is wielding a +0 spear of pain.
The gnoll closely misses you.
The gnoll hits you from afar with a +0 spear.
You shoot an arrow. The arrow hits the gnoll!
The gnoll is severely wounded.
A gnoll comes into view. It is wielding a +0 spear.
The gnoll hits you but does no damage.
The gnoll hits you from afar with a +0 spear of pain.
You shoot an arrow. The arrow completely misses the gnoll.
The gnoll hits you with a +0 flail of protection.
The gnoll closely misses you.
The gnoll hits you from afar with a +0 spear of pain.
You shoot an arrow. The arrow closely misses the gnoll.
The gnoll hits you with a +0 flail of protection.
The gnoll hits you from afar with a +0 spear of pain.
The gnoll hits you but does no damage.
The gnoll hits you with a +0 flail of protection!
The gnoll hits you from afar with a +0 spear of pain.
* * * LOW HITPOINT WARNING * * *
The gnoll hits you but does no damage. The gnoll attacks as you move away!
The gnoll hits you with a +0 flail of protection.
* * * LOW HITPOINT WARNING * * *
The gnoll attacks as you move away!
The gnoll hits you with a +0 flail of protection.
* * * LOW HITPOINT WARNING * * *
The gnoll attacks as you move away! The gnoll closely misses you.
The gnoll attacks as you move away! The gnoll barely misses you.
The gnoll attacks as you move away!
The gnoll hits you with a +0 flail of protection.
You die...

#..........# #.
#..........# #.
#..........# #.
#..........# #.
#....^.....# #.
#####'###'## ##
#.# #.############
#.# #..>..........
#@#########..#####
#.ggg.g.####..####
#######.#.........
#.#.#######.
#g#.#.......
#.#.###.##..
#g#.....<..#
#.##########
#...........


You could see 4 gnolls.

Vanquished Creatures
  Sigmund (D:2)
  Terence (D:2)
  An adder (D:2)
  2 worms (D:2)
  A dart slug (D:1)
  An orc (D:3)
  5 endoplasms
  4 giant cockroaches
  5 goblins (D:1)
  7 hobgoblins
  9 jackals (D:1)
  6 kobolds
  6 quokkas
  3 ball pythons
  3 bats
  A frilled lizard (D:1)
  2 rats (D:1)
58 creatures vanquished.

Vanquished Creatures (others)
  A withered plant (D:2)
1 creature vanquished.

Grand Total: 59 creatures vanquished

Notes
Turn   | Place    | Note
-------+----------+-------------------------------------------
     0 | D:1      | safid the Minotaur Hunter began the quest for the Orb.
     0 | D:1      | Reached XP level 1. HP: 18/18 MP: 0/0
   139 | D:1      | Reached XP level 2. HP: 25/26 MP: 1/1
   156 | D:1      | Reached skill level 5 in Ranged Weapons
   548 | D:1      | Reached XP level 3. HP: 26/31 MP: 2/2
  1418 | D:2      | Noticed Terence
  1439 | D:2      | Killed Terence
  1440 | D:2      | Reached skill level 6 in Ranged Weapons
  1440 | D:2      | Reached XP level 4. HP: 6/38 MP: 3/3
  1784 | D:2      | Noticed Sigmund
  2370 | D:2      | Killed Sigmund
  2371 | D:2      | Reached skill level 7 in Ranged Weapons
  2371 | D:2      | Reached XP level 5. HP: 38/45 MP: 4/4
  2371 | D:2      | Reached XP level 6. HP: 43/51 MP: 5/5
  2466 | D:2      | Found a faded altar of an unknown god.
  2756 | D:3      | Found an opulent altar of Gozag.
  3469 | D:3      | Slain by a gnoll

Illustrated notes

Levels and vault maps discovered:
D:1:      mrwooster_arrival_statue, layout_basic, nicolae_hexahallways,
          minivault_27, minmay_vboxes
D:2:      layout_loops_cross, ebering_ecumenical_altar_petrified, uniq_sigmund,
          uniq_terence
D:3:      layout_basic, mainiacjoe_overflow_concentric_impassable

Skill      XL: |  1  2  3  4 |
---------------+-------------+-----
Fighting       | 3 |  3.0
Ranged Weapons | 5 6 7 |  7.9
Dodging        | |  2.1
Stealth        | |  0.7

Action                   |  1- 3 |  4- 6 || total
-------------------------+-------+-------++-------
 Fire: Shortbow          |   125 |    87 ||   212
Armor: Scale mail        |    58 |    23 ||    81
Dodge: Dodged            |    66 |    24 ||    90
